 Dungeon Crawl Stone Soup version 0.20.1-1-g8b1a95d (webtiles) character file.

59 MJtheKandyman the Shooter (level 3, 28/28 HPs)
             Began as a Centaur Arcane Marksman on Dec 24, 2017.
             Quit the game on level 2 of the Dungeon.
             The game lasted 00:09:37 (2076 turns).

MJtheKandyman the Shooter (Centaur Arcane Marksman) Turns: 2076, Time: 00:09:38

Health: 28/28      AC:  4    Str: 12    XL:     3   Next: 78%
Magic:  4/4        EV:  9    Int: 12    God:
Gold:   111        SH:  0    Dex: 10    Spells: 3/4 levels left

rFire    . . .     SeeInvis .   d - +1 falchion (holy)
rCold    . . .     Gourm    .   (no shield)
rNeg     . . .     Faith    .   e - +0 robe
rPois    .         Spirit   .   (no helmet)
rElec    .         Reflect  .   (no cloak)
rCorr    .         Harm     .   (no gloves)
MR       .....                  (no barding)
Stlth    +.........             (no amulet)
Regen    0.1/turn               (no ring)
MPRegen  0.1/turn               (no ring)

@: very quick
A: hooves 3, deformed body, speed 2, tough skin 3
a: no special abilities


You were on level 2 of the Dungeon.
You were not hungry.

You visited 1 branch of the dungeon, and saw 2 of its levels.

You collected 111 gold pieces.

Inventory:

Hand Weapons
 a - a +0 shortbow
 d - a +1 falchion of holy wrath (weapon)
Missiles
 r - 6 arrows
Armour
 e - a +0 robe (worn)
Scrolls
 b - a scroll of amnesia {unknown}
 j - 5 scrolls of identify {unknown}
 k - a scroll of blinking {unknown}
 n - 2 scrolls of teleportation {unknown}
 o - a scroll of enchant weapon {unknown}
 p - a scroll of fog {unknown}
 q - a scroll of magic mapping {unknown}
 t - a scroll of remove curse {unknown}
Potions
 g - a potion of mutation {unknown}
 h - a potion of flight {unknown}
 l - 2 potions of lignification {unknown}
 m - a potion of ambrosia {unknown}
 s - a potion of brilliance {unknown}
Books
 c - a book of Debilitation

   Spells                             Type                      Level
   a - Corona                         Hexes                        1
   b - Slow                           Hexes                        2
   c - Inner Flame                    Hexes/Fire                   3
   d - Portal Projectile              Hexes/Translocation          3
   e - Cause Fear                     Hexes                        4
   f - Leda's Liquefaction            Hexes/Earth                  4
Comestibles
 f - 2 bread rations
 i - 3 fruits


   Skills:
 - Level 1.0 Fighting
 + Level 5.5 Bows
 - Level 1.3 Dodging
 - Level 0.1 Stealth
 - Level 1.0 Spellcasting
 - Level 2.6 Hexes


You had 3 spell levels left.
You knew the following spells:

 Your Spells              Type           Power        Failure   Level  Hunger
a - Corona                Hex            #......      10%         1    ##.....


Dungeon Overview and Level Annotations

Branches:
Dungeon (2/15)

Altars:


Innate Abilities, Weirdness & Mutations

You have hooves in place of feet.
Armour fits poorly on your strangely shaped body.
You cover ground very quickly.
You have extremely tough skin. (AC +3)


Message History

You start resting.
HP restored.
A dart slug comes into view.
Unknown command.
Found a scroll labeled JESTIO IGHODIXOW and 3 gold pieces.
You see here a worm corpse.
You butcher the worm corpse.
u - 2 chunks of flesh You now have 108 gold pieces (gained 16).
You are near starving!
n - 2 scrolls labeled JESTIO IGHODIXOW (gained 1)
You now have 111 gold pieces (gained 3).
Eat one of 2 chunks of flesh? (ye/n/q)
You eat one of the 2 chunks of flesh.
This raw flesh tastes terrible.
You are feeling hungry.
Eat a chunk of flesh? (ye/n/q)
You eat the chunk of flesh.
This raw flesh tastes terrible.
You start waiting.
Done waiting.
Are you sure you want to abandon this character and quit the game? (Confirm with "yes".)

..'........ ..#....###
..#....########
..####.#...(..#.#
.....#.#......#.#
...#.#.#......+.####
...#...+...........#
...###.#.......##..#
.......#.......#@#
..###.)##'#....#.#
..###...w......#.#
........#..#....##
.......<#..#........#
........#..#...[#!.)...
..#+#+#....+....#######
.. ######....# . .....#


There were no monsters in sight!

Vanquished Creatures
  2 adders (D:2)
  3 worms (D:2)
  A leopard gecko (D:1)
  A giant cockroach (D:1)
  2 goblins (D:1)
  7 hobgoblins
  2 jackals (D:1)
  A quokka (D:2)
  3 bats (D:1)
  5 frilled lizards
  3 kobolds (D:1)
  2 rats (D:1)
32 creatures vanquished.

Notes
Turn   | Place    | Note
-------+----------+-------------------------------------------
     0 | D:1      | MJtheKandyman the Centaur Arcane Marksman began the quest for the Orb.
     0 | D:1      | Reached XP level 1. HP: 16/16 MP: 2/2
    57 | D:1      | Reached skill level 3 in Bows
   408 | D:1      | Reached XP level 2. HP: 21/23 MP: 3/3
   640 | D:1      | Reached skill level 4 in Bows
  1170 | D:2      | Reached XP level 3. HP: 28/28 MP: 2/4
  1276 | D:2      | Reached skill level 5 in Bows
  2076 | D:2      | Quit the game

Skill      XL: |  1  2  3 |
---------------+----------+-----
Bows           | 3 4 5 |  5.5
Fighting       | |  1.0
Dodging        | |  1.3
Stealth        | |  0.1
Spellcasting   | |  1.0
Hexes          | |  2.6

Action                   || total
-------------------------++-------
Melee: Shortbow          ||    18
       Kick              ||     8
       Falchion          ||    17
 Fire: Shortbow          ||    84
 Cast: Corona            ||    26
  Eat: Chunk             ||     4
Armor: Robe              ||    26
Dodge: Dodged            ||    51
